 Dungeon Crawl Stone Soup version 0.25.0-46-gbd7b0854d2 (webtiles) character file.

Game seed: 14516757170863105408

27724 Ethylacetat the Archer (level 13, -10/121 HPs)
             Began as a Naga Hunter on July 12, 2020.
             Was an Elder of Cheibriados.
             Killed from afar by a wizard (50 damage)
             ... with a crystal spear
             ... on level 9 of the Dungeon.
             The game lasted 00:43:26 (9892 turns).

Ethylacetat the Archer (Naga Hunter)                Turns: 9892, Time: 00:43:30

Health: -10/121    AC: 15    Str: 28    XL:     13   Next: 34%
Magic:  6/6        EV: 12    Int: 32    God:    Cheibriados [****..]
Gold:   535        SH:  0    Dex: 23    Spells: 12/12 levels left

rFire    + . .     SeeInvis +   c - +6 mace of Xom's Approval {antimagic, +Rage rElec}
rCold    . . .     Gourm    .   (no shield)
rNeg     . . .     Faith    .   y - +6 scale mail of the Scribe {+Inv rF+ Regen+}
rPois    +         Spirit   .   I - +0 helmet of the Other World {Int+4} (curse)
rElec    +         Reflect  .   (no cloak)
rCorr    .         Harm     .   (no gloves)
MR       +....                  (no barding)
Stlth    +.........             x - amulet of the acrobat
HPRegen  0.70/turn              l - +4 ring of slaying
MPRegen  0.10/turn              h - +6 ring of intelligence

@: studying Maces & Flails, very slow
A: large, see invisible, deformed body, poison resistance, slowness 2, slow
metabolism 1, spit poison 1, constrict 1, AC +4
a: Spit Poison, Bend Time, Temporal Distortion, Slouch, Renounce Religion, Evoke
Berserk Rage, Evoke Invisibility


You were on level 9 of the Dungeon.
You worshipped Cheibriados.
Cheibriados was greatly pleased with you.
You were not hungry.

You visited 2 branches of the dungeon, and saw 10 of its levels.
You also visited: Bailey.

You collected 535 gold pieces.

Inventory:

Hand Weapons
 a - a +1 shortbow
 c - the +6 mace of Xom's Approval (weapon) {antimagic, +Rage rElec}
   (You found it on level 4 of the Dungeon)

   It reduces the magical energy of the wielder, and disrupts the spells and
   magical abilities of those hit.
   Natural abilities and divine invocations are not affected.
   It insulates you from electricity.
   It lets you go berserk.
Missiles
 d - 173 arrows
 D - a throwing net (quivered)
Armour
 t - a +1 helmet
 v - a +2 leather armour of cold resistance
 y - the +6 scale mail of the Scribe (worn) {+Inv rF+ Regen+}
   (You found it on level 6 of the Dungeon)

   It protects you from fire.
   It lets you turn invisible.
   It increases your rate of regeneration.
 I - the cursed +0 helmet of the Other World (worn) {Int+4}
   (You found it on level 9 of the Dungeon)

   It affects your intelligence (+4).
   It has a curse placed upon it.
Jewellery
 h - a +6 ring of intelligence (right hand)
 l - a +4 ring of slaying (left hand)
 x - an amulet of the acrobat (around neck)
Wands
 w - a wand of iceblast (1)
 C - a wand of flame (12)
Scrolls
 b - a scroll of immolation {unknown}
 e - 2 scrolls of amnesia {unknown}
 j - 2 scrolls of enchant armour {unknown}
 k - 2 scrolls of remove curse
 m - 5 scrolls of teleportation
 n - 4 scrolls of identify
 p - 3 scrolls of magic mapping
 q - 2 scrolls of blinking {unknown}
 u - a scroll of fog {unknown}
 E - a scroll of fear {unknown}
 F - 2 scrolls of silence
 G - a scroll of noise {unknown}
Potions
 g - 3 potions of curing
 i - 2 potions of flight
 o - 4 potions of brilliance
 r - 2 potions of invisibility
 z - 2 potions of might
 A - a potion of magic
 B - 2 potions of heal wounds
Books
 s - a manual of Maces & Flails
Comestibles
 f - 14 rations
 H - a chunk of flesh


   Skills:
 + Level 9.5 Fighting
   Level 3.8 Short Blades
 + Level 8.0 Maces & Flails
 * Level 12.3 Bows
 - Level 5.0 Armour
 - Level 5.2 Dodging
 - Level 1.5 Stealth
 + Level 7.5 Invocations
 - Level 3.8 Evocations


You had 12 spell levels left.
You didn't know any spells.
Your spell library contained the following spells:

 Spells                   Type           Power        Failure   Level  Hunger
 Freeze                   Ice            #...         17%         1    ##.....
 Frozen Ramparts          Ice            #.....       45%         3    ####...
 Ozocubu's Armour         Chrm/Ice       #.......     45%         3    ####...
 Hailstorm                Conj/Ice       #.......     86%         4    #####..
 Summon Ice Beast         Ice/Summ       #.......     86%         4    #####..


Dungeon Overview and Level Annotations

Branches:
Dungeon (9/15)             Temple (1/1) D:7            Lair (0/6) D:9
 Bailey (visited)
    Orc: D:9-12

Altars:
Ashenzari
Cheibriados
Dithmenos
Elyvilon
Fedhas
Makhleb
Nemelex Xobeh
Okawaru
Qazlal
Ru
Sif Muna
Uskayaw
Vehumet
Wu Jian
Yredelemnul
The Shining One


Innate Abilities, Weirdness & Mutations

You cannot wear boots.
Your serpentine skin is tough. (AC +4)
You have supernaturally acute eyesight. (SInv)
Armour fits poorly on your strangely shaped body.
Your system is resistant to poisons. (rPois)
You cover ground very slowly.
You have a slow metabolism.
You can spit poison.
You can use your snake-like lower body to constrict enemies.


Message History

Cheibriados thoroughly appreciates the change of pace.
You constrict the centaur skeleton.
You destroy the centaur skeleton!
Cheibriados appreciates the change of pace.
The leopard gecko bites you but does no damage.
You sock the leopard gecko!
You kill the leopard gecko!
Cheibriados appreciates the change of pace.
The wizard howls an incantation.
You feel troubled.
The wizard points at you and mumbles some strange words.
You easily resist.
The wizard closely misses you. The wizard hits you but does no damage.
You sock the wizard!
The wizard's magic leaks into the air.
You grab the wizard.
The wizard is moderately wounded.
You constrict the wizard, but do no damage.
The wizard casts a spell at you. The crystal spear hits you!!!
You die...

...........
......≈≈≈.≈
#....≈≈##.#
#....≈##...
#....≈#...
########........[
............≈#...
............≈## .
........>.@p≈≈#
###########.Y≈≈≈≈≈
#...... ..#..# .#
## .. .. ...


You could see a wizard (fast) and a sky beast (invisible).

Vanquished Creatures
  An orc warlord (Bailey)
  2 two-headed ogres (D:9)
  Pikel (D:5)
  An orc knight (Bailey)
  Maggie (D:7)
  A hippogriff (D:8)
  Prince Ribbit (D:6)
  Grinder (D:3)
  Sigmund (D:2)
  3 wyverns (D:9)
  A steam dragon (D:9)
  Edmund (D:6)
  A swamp drake (D:9)
  A phantom (D:9)
  14 orc warriors
  An ice beast (D:8)
  2 sky beasts
  7 ogres
  3 centaurs
  2 crocodiles (D:9)
  5 bullfrogs
  Blork the orc (D:6)
  13 killer bees
  5 wights
  3 crimson imps
  A hound (D:6)
  A quasit (D:9)
  2 bullfrog zombies (D:7)
  3 orc wizards
  3 orc priests
  2 centaur skeletons
  4 jellies
  4 iguanas
  A bullfrog skeleton (D:3)
  Ijyb (D:5)
  5 worker ants
  A hound zombie (D:5)
  3 hound skeletons
  A howler monkey zombie (D:8)
  Robin (D:2)
  13 gnolls
  8 adders
  An adder skeleton (D:7)
  An adder zombie (D:7)
  2 worms (D:3)
  2 dart slugs
  4 leopard geckos
  29 orcs
  11 bats
  10 giant cockroaches
  33 hobgoblins
  9 jackals
  7 kobolds
  3 quokkas
  3 ball pythons
  4 frilled lizards
  34 goblins
  A leopard gecko skeleton (D:7)
  A quokka skeleton (D:9)
  5 rats
287 creatures vanquished.

Vanquished Creatures (others)
  An iguana (D:9)
  6 toadstools (D:3)
7 creatures vanquished.

Grand Total: 294 creatures vanquished

Notes
Turn   | Place    | Note
-------+----------+-------------------------------------------
     0 | D:1      | Ethylacetat the Naga Hunter began the quest for the Orb.
     0 | D:1      | Reached XP level 1. HP: 19/19 MP: 1/1
   380 | D:1      | Reached XP level 2. HP: 26/26 MP: 2/2
   625 | D:1      | Reached skill level 4 in Bows
   989 | D:1      | Reached skill level 1 in Short Blades
  1014 | D:1      | Reached XP level 3. HP: 29/33 MP: 3/3
  1915 | D:2      | Found a faded altar of an unknown god.
  1974 | D:2      | Reached XP level 4. HP: 38/40 MP: 4/4
  2127 | D:2      | Noticed Robin
  2132 | D:2      | Killed Robin
  2318 | D:2      | Noticed Sigmund
  2334 | D:2      | Killed Sigmund
  2334 | D:2      | Reached skill level 5 in Bows
  2334 | D:2      | Reached XP level 5. HP: 17/49 MP: 5/5
  2334 | D:2      | Reached XP level 6. HP: 19/56 MP: 6/6
  2991 | D:3      | Noticed Grinder
  2998 | D:3      | Paralysed by Grinder for 5 turns
  3013 | D:3      | Paralysed by Grinder for 2 turns
  3020 | D:3      | Paralysed by Grinder for 7 turns
  3028 | D:3      | Killed Grinder
  3028 | D:3      | Reached skill level 6 in Bows
  3028 | D:3      | Reached XP level 7. HP: 27/64 MP: 7/7
  4362 | D:4      | Got an ivory mace
  4363 | D:4      | Identified the +6 mace of Xom's Approval {antimagic, +Rage
                  | rElec} (You found it on level 4 of the Dungeon)
  4427 | D:4      | Reached XP level 8. HP: 66/73 MP: 2/8
  4480 | D:4      | Reached skill level 1 in Maces & Flails
  4535 | D:4      | Found a sacrificial altar of Ru.
  4659 | D:4      | Found a shadowy altar of Dithmenos.
  4938 | D:5      | Entered Level 5 of the Dungeon
  5014 | D:5      | Reached skill level 7 in Bows
  5303 | D:5      | Noticed Ijyb
  5312 | D:5      | Killed Ijyb
  5312 | D:5      | Reached skill level 5 in Fighting
  5684 | D:5      | Found a basalt altar of Yredelemnul.
  5685 | D:5      | Found a white marble altar of Elyvilon.
  5685 | D:5      | Found an iron altar of Okawaru.
  5725 | D:5      | Noticed Pikel
  5736 | D:5      | Killed Pikel
  5736 | D:5      | Reached skill level 8 in Bows
  5868 | D:6      | Noticed Blork the orc
  5870 | D:6      | Reached XP level 9. HP: 82/82 MP: 3/9
  5878 | D:6      | Killed Blork the orc
  6299 | D:6      | Noticed Edmund
  6311 | D:6      | Killed Edmund
  6612 | D:6      | Noticed Prince Ribbit
  6807 | D:6      | Got a transparent scale mail
  6818 | D:6      | Identified the +6 scale mail of the Scribe {+Inv rF+
                  | Regen+} (You found it on level 6 of the Dungeon)
  6891 | D:6      | Killed Prince Ribbit
  6910 | D:6      | Reached skill level 9 in Bows
  7185 | D:7      | Found a staircase to the Ecumenical Temple.
  7192 | D:7      | Noticed Maggie
  7219 | D:7      | Killed Maggie
  7219 | D:7      | Reached skill level 5 in Maces & Flails
  7219 | D:7      | Reached skill level 1 in Evocations
  7302 | Temple   | Entered the Ecumenical Temple
  7341 | Temple   | Became a worshipper of Cheibriados the Contemplative
  7444 | D:7      | Found a sparkling altar of Nemelex Xobeh.
  7488 | D:7      | Reached XP level 10. HP: 92/94 MP: 3/11
  7583 | D:7      | Reached skill level 1 in Invocations
  7753 | D:7      | Found a radiant altar of Vehumet.
  8156 | D:8      | Reached * piety under Cheibriados
  8218 | D:8      | Reached skill level 1 in Armour
  8302 | D:8      | Found a flagged portal.
  8311 | Bailey   | Entered a bailey
  8470 | Bailey   | Reached ** piety under Cheibriados
  8596 | Bailey   | Reached skill level 10 in Bows
  8665 | Bailey   | Noticed an orc knight
  8677 | Bailey   | Killed an orc knight
  8677 | Bailey   | Reached *** piety under Cheibriados
  8895 | Bailey   | Noticed an orc warlord
  8903 | Bailey   | Reached **** piety under Cheibriados
  8907 | Bailey   | Killed an orc warlord
  8907 | Bailey   | Reached XP level 11. HP: 103/103 MP: 4/14
  8923 | Bailey   | Reached skill level 5 in Invocations
  9020 | Bailey   | Reached skill level 11 in Bows
  9020 | Bailey   | Reached XP level 12. HP: 112/112 MP: 5/15
  9047 | D:8      | Identified a scroll of acquirement
  9048 | D:8      | Acquired a manual of Maces & Flails
  9272 | D:8      | Reached skill level 12 in Bows
  9272 | D:8      | Reached skill level 5 in Dodging
  9272 | D:8      | Gained mutation: You can use your snake-like lower body to
                  | constrict enemies. [Naga growth]
  9272 | D:8      | Reached XP level 13. HP: 121/121 MP: 6/18
  9663 | D:9      | Found a staircase to the Lair.
  9810 | D:9      | Reached skill level 5 in Armour
  9811 | D:9      | Got an ancient helmet
  9822 | D:9      | Identified the cursed +0 helmet of the Other World {Int+4}
                  | (You found it on level 9 of the Dungeon)
  9876 | D:9      | Identified the +2 scale mail "Qoufisy" {*Drain rF+ MR+
                  | Str+2 Slay+3}
  9892 | D:9      | Killed from afar by a wizard

Illustrated notes

Levels and vault maps discovered:
D:1:      matt_arrival_refuge, layout_loops_ring
D:2:      layout_basic, chequers_ecumenical_altar_grove, minmay_misc_feat_five,
          uniq_robin, uniq_sigmund
D:3:      layout_loops_ring, minmay_gold_behind_fungi, uniq_grinder
D:4:      layout_cave_pools, nicolae_overflow_crystal_walls,
          nicolae_ru_sacrificial_ziggurat, first_ration
D:5:      layout_loops_ring, grunt_temple_overflow_open, uniq_pikel, uniq_ijyb
D:6:      layout_rooms, uniq_edmund, uniq_blork_the_orc, uniq_prince_ribbit1
D:7:      layout_loops_cross, vehumet_crystals,
          nemelex_xobeh_ov_fountains_minmay, minmay_temple_entry_ruins,
          serial_co_window_serial, co_window_paths_b, co_window_corner_a,
          co_window_paths_a, co_window_corner_a, co_window_corner_a,
          co_window_broadway_a, co_window_corner_b, co_window_of_opportunity_c,
          co_window_sun, glass_columns_b, glass_columns_a, glass_columns_b,
          glass_columns_c, glass_columns_c, uniq_maggie
D:8:      layout_cave_pools, serial_column_ruins, column_ruins_grid_2,
          column_ruins_open_tiny, column_ruins_open_medium, column_ruins_grid_1,
          column_ruins_grid_1, column_ruins_open_medium, enter_bailey_2
D:9:      cheibrodos_wizards_tower, layout_long_grid, erik_lair_dragon
Temple:   regret_index_temple_waves

Skill      XL: |  1  2  3  4  5  6  7  8  9 10 11 12 13 |
---------------+----------------------------------------+-----
Bows           | 4 5 6 8 9 10 11 12 | 12.3
Short Blades   | 1 2 3 |  3.8
Fighting       | 3 4 5 7 8 9 |  9.5
Maces & Flails | 3 5 6 7 8 |  8.0
Evocations     | 1 3 |  3.8
Invocations    | 4 5 6 7 |  7.5
Dodging        | 3 4 5 |  5.2
Armour         | 2 4 5 |  5.0
Stealth        | |  1.5

Action                   |  1- 3 |  4- 6 |  7- 9 | 10-12 | 13-15 || total
-------------------------+-------+-------+-------+-------+-------++-------
Melee: Short sword       |    97 |    45 |    74 |       |       ||   216
       Mace              |       |       |   245 |   240 |    78 ||   563
       Constrict         |       |       |       |       |    22 ||    22
 Fire: Shortbow          |       |    18 |       |       |       ||    18
 Abil: Spit Poison       |    27 |    14 |    30 |     9 |     1 ||    81
Evoke: Wand              |       |       |       |     9 |       ||     9
  Use: Potion            |       |     1 |       |     8 |       ||     9
       Scroll            |       |       |     4 |     6 |     1 ||    11
 Stab: Sleeping          |     2 |       |     2 |       |       ||     4
       Confused          |       |       |       |       |     2 ||     2
  Eat: Chunk             |     3 |     4 |    10 |     5 |     2 ||    24
       Ration            |       |       |     1 |       |       ||     1
Armor: Leather armour    |    24 |    24 |   142 |       |       ||   190
       Scale mail        |       |       |   107 |   127 |    45 ||   279
       Skin              |       |       |       |    89 |       ||    89
Dodge: Dodged            |    62 |    26 |   232 |   121 |    90 ||   531
